 Dungeon Crawl Stone Soup version 0.25.1-2-g60ff931df9 (webtiles) character file.

Game seed: 642752113939864393

77 Platt the Skirmisher (level 4, -3/41 HPs)
             Began as a Minotaur Berserker on Oct 27, 2020.
             Was a Believer of Trog.
             Slain by a gnoll
             ... wielding a +0 flail
              (5 damage)
             ... on level 3 of the Dungeon.
             The game lasted 00:06:00 (1896 turns).

Platt the Skirmisher (Minotaur Berserker)           Turns: 1896, Time: 00:06:02

Health: -3/41      AC:  9    Str: 21    XL:     4   Next: 14%
Magic:  3/3        EV:  5    Int:  5    God:    Trog [**....]
Gold:   133        SH:  7    Dex: 10    Spells: 3/3 levels left

rFire    . . .     SeeInvis .   a - +0 hand axe
rCold    . . .     Gourm    .   o - +0 kite shield
rNeg     . . .     Faith    .   t - +0 chain mail
rPois    +         Spirit   .   (helmet restricted)
rElec    .         Reflect  .   (no cloak)
rCorr    .         Harm     .   (no gloves)
MR       .....                  (no boots)
Stlth    ..........             (no amulet)
HPRegen  0.13/turn              d - ring of poison resistance
MPRegen  0.08/turn              (no ring)

@: no status effects
A: retaliatory headbutt, horns 2
a: Berserk, Trog's Hand, Renounce Religion


You were on level 3 of the Dungeon.
You worshipped Trog.
Trog was pleased with you.
You were not hungry.

You visited 1 branch of the dungeon, and saw 3 of its levels.

You collected 133 gold pieces.

Inventory:

Hand Weapons
 a - a +0 hand axe (weapon)
Armour
 o - a +0 kite shield (worn)
 t - a +0 chain mail (worn)
Jewellery
 d - a ring of poison resistance (left hand)
 h - an uncursed ring of flight
Scrolls
 b - 4 scrolls of remove curse
 i - a scroll of magic mapping {unknown}
 m - 2 scrolls of enchant weapon {unknown}
 p - a scroll of identify
 q - a scroll of teleportation
Potions
 e - 2 potions of stabbing {unknown}
 f - a potion of might {unknown}
 k - a potion of cancellation {unknown}
 l - a potion of mutation {unknown}
 n - 2 potions of lignification {unknown}
 r - a potion of degeneration {unknown}
Comestibles
 c - 6 rations
 j - 4 chunks of flesh


   Skills:
 * Level 4.9 Fighting
 + Level 4.3 Axes
 * Level 3.4 Armour
 - Level 2.1 Dodging
 + Level 0.1 Shields


You had 3 spell levels left.
You didn't know any spells.
Your spell library was empty.

Dungeon Overview and Level Annotations

Branches:
Dungeon (3/15)

Altars:
Uskayaw


Innate Abilities, Weirdness & Mutations

You reflexively headbutt those who attack you in melee.
You have a pair of horns on your head.


Message History

The gnoll is moderately wounded.
You hit the gnoll.
The gnoll hits you but does no damage. x2
You block the gnoll's attack.
The gnoll hits you from afar with a +0 halberd!
* * * LOW HITPOINT WARNING * * *
You closely miss the gnoll.
The gnoll is moderately wounded.
You hit the gnoll. You hit the hobgoblin. You block the gnoll's attack.
The hobgoblin hits you but does no damage.
The gnoll hits you but does no damage. The gnoll hits you with a +0 halberd.
* * * LOW HITPOINT WARNING * * *
The gnoll hits you from afar with a +0 halberd.
* * * LOW HITPOINT WARNING * * *
You slash the gnoll! Your headbutt misses the gnoll.
The gnoll is severely wounded.
Your chain mail prevents you from hitting the hobgoblin.
You closely miss the gnoll. You block the gnoll's attack.
The hobgoblin hits you but does no damage.
The gnoll hits you with a +0 flail.
You die...

############ #..
#........... #..
#........... #...
#...........
#....########....g......
#....#..........@gg...#
................g.g.>.#
..............$.......#
.......รท..............#
......#...............#
......#...............#
......#..............##
...............#......
......................


You could see 4 gnolls and a hobgoblin.

Vanquished Creatures
  2 adders
  An ooze (D:1)
  A worm (D:2)
  3 dart slugs
  2 leopard geckos
  An orc (D:3)
  4 bats
  2 giant cockroaches (D:1)
  5 hobgoblins (D:1)
  3 jackals (D:2)
  5 kobolds
  5 frilled lizards
  4 goblins
  7 rats (D:1)
45 creatures vanquished.

Notes
Turn   | Place    | Note
-------+----------+-------------------------------------------
     0 | D:1      | Platt the Minotaur Berserker began the quest for the Orb.
     0 | D:1      | Reached XP level 1. HP: 19/19 MP: 0/0
   198 | D:1      | Reached XP level 2. HP: 27/27 MP: 1/1
   505 | D:1      | Reached ** piety under Trog
   554 | D:1      | Reached XP level 3. HP: 34/34 MP: 2/2
  1383 | D:2      | Found a hide-covered altar of Uskayaw.
  1721 | D:3      | Reached XP level 4. HP: 40/41 MP: 3/3
  1895 | D:3      | HP: 1/41 [gnoll/+0 halberd (6)]
  1896 | D:3      | Slain by a gnoll

Illustrated notes

Levels and vault maps discovered:
D:1:      lemuel_arrival_funnel, layout_basic, serial_bayou_ford_a
D:2:      layout_rooms, eat_drink_and_be_merry_uskayaw, serial_forest,
          infiniplex_forest_clump_curved, infiniplex_forest_end_2,
          infiniplex_forest_zigzag_2, infiniplex_forest_lined_ring,
          infiniplex_forest_clump_long, infiniplex_forest_clump_long,
          infiniplex_forest_straight_2
D:3:      layout_basic, ebering_ghost_reflecting_pool, first_ration

Skill      XL: |  1  2 |
---------------+-------+-----
Fighting       | 4 |  4.9
Axes           | 4 |  4.3
Armour         | 3 |  3.4
Dodging        | |  2.1
Shields        | |  0.1

Action                   |  1- 3 |  4- 6 || total
-------------------------+-------+-------++-------
Melee: Hand axe          |    94 |    17 ||   111
       Headbutt          |     6 |     3 ||     9
  Use: Scroll            |     2 |     1 ||     3
  Eat: Chunk             |     2 |     1 ||     3
Armor: Animal skin       |    12 |       ||    12
       Ring mail         |     5 |     2 ||     7
       Leather armour    |     5 |       ||     5
       Chain mail        |       |    11 ||    11
Dodge: Dodged            |    56 |     6 ||    62
Block: Kite shield       |     6 |    12 ||    18
